 Dungeon Sprint DCSS version 0.30-a0-305-g026cb31310 (webtiles) character file.

Game seed: 1351871002989473461

55890 rocky1 the Earth Mage (level 14, -2/106 HPs)
             Began as a Gargoyle Gladiator on Oct 23, 2022.
             Was the Champion of Cheibriados.
             Killed from afar by a hellion (38 damage)
             ... with damnation
             ... in the Dungeon (Sprint VII: "The Pits").
             The game lasted 00:21:44 (4923 turns).

rocky1 the Earth Mage (Gargoyle Gladiator)          Turns: 4923, Time: 00:21:44

Health: -2/106     AC: 41    Str: 35    XL:     14   Next: 79%
Magic:  11/33      EV: 18    Int: 27    God:    Cheibriados [******]
Gold:   61         SH:  0    Dex: 26    Spells: 25/43 levels left

rFire   + . .      SeeInvis .    p - +2 dire flail (vorpal)
rCold   . . .      Faith    .    (shield currently unavailable)
rNeg    + . .      Spirit   .    x - +3 plate armour
rPois   ∞          Reflect  .    K - +1 helmet
rElec   +          Harm     .    r - +0 cloak
rCorr   .          Rampage  .    n - +1 pair of gloves {Stlth+}
Will    +....      NoTele   +    B - +0 pair of boots
Stlth   ..........               (no amulet)
HPRegen 0.37/turn                t - +3 ring of protection
MPRegen 0.23/turn                y - ring of protection from fire

@: flying, studying Transmutations, very slow
A: sickness immunity, AC +10, big wings, negative energy resistance 1,
electricity resistance, torment resistance 1, petrification resistance
a: Renounce Religion, Bend Time, Temporal Distortion, Slouch, Step From Time


You were in the Dungeon.
You worshipped Cheibriados.
Cheibriados was exalted by your worship.
You visited 1 branch You collected 61 gold pieces.

Inventory:

Hand Weapons
 b - the +3 battleaxe "Suommuwi" {flame, Str+3 Dex+3}
   (You found it in the Dungeon)

   It burns those it strikes, dealing additional fire damage.
   Big, fiery blades are also staple armaments of hydra-hunters.
   Str:       It affects your strength (+3).
   Dex:       It affects your dexterity (+3).
 c - a +1 executioner's axe
 p - a +2 vorpal dire flail (weapon)
 A - the +9 staff of Wucad Mu {*channel}
   (You found it in the Dungeon)

   It occasionally powers its wielder's spells, but with a chance of causing
   confusion or draining the wielder's intelligence.
   It becomes more likely to activate and less likely to backfire with increased
   Evocations skill.
 D - the +8 lajatang of a wizard's laboratory {vamp, *Corrode rPois Dex+2 Stlth+}
   (You found it in the Dungeon)

   It occasionally heals its wielder for a portion of the damage dealt when it
   wounds a living foe.
   Dex:       It affects your dexterity (+2).
   rPois:     It protects you from poison.
   *Corrode:  It may corrode you when you take damage.
   Stlth:     It makes you more stealthy.
 H - a +0 broad axe of venom
Missiles
 d - 3 throwing nets (quivered)
Armour
 a - +2 gold dragon scales
 n - a +1 pair of gloves of stealth (worn)
 o - a +0 troll leather armour
 r - a +0 cloak (worn)
 w - +0 steam dragon scales
 x - a +3 plate armour (worn)
 B - a +0 pair of boots (worn)
 J - a +2 ring mail of willpower
 K - a +1 helmet (worn)
Jewellery
 e - the amulet of Icucuwig {RegenMP rF- Will+ Str+6 Stlth+}
   (You took it off a vampire knight in the Dungeon)

   [amulet of magic regeneration]

   It increases your rate of magic regeneration.
   Str:       It affects your strength (+6).
   rF:        It makes you vulnerable to fire.
   Will:      It increases your willpower.
   Stlth:     It makes you more stealthy.
 h - the ring "Udad Pip" {rCorr Str+6 Int-2 SInv}
   (You took it off a deep elf pyromancer in the Dungeon)

   [ring of strength]

   Str:       It affects your strength (+6).
   Int:       It affects your intelligence (-2).
   SInv:      It lets you see invisible.
   rCorr:     It protects you from acid and corrosion.
 s - a +3 ring of intelligence
 t - a +3 ring of protection (left hand)
 y - a ring of protection from fire (right hand)
Wands
 q - a wand of iceblast (6)
Scrolls
 m - 5 scrolls of amnesia
 E - 2 scrolls of fear
 F - 2 scrolls of butterflies
 G - 2 scrolls of enchant weapon
Potions
 f - 10 potions of curing
 g - 12 potions of heal wounds
 i - a potion of magic
 j - 3 potions of berserk rage
 l - a potion of invisibility
 u - 2 potions of brilliance
 v - 2 potions of mutation
 C - a potion of lignification
Miscellaneous
 z - a tin of tremorstones (2/2)


   Skills:
 + Level 19.3 Fighting
 + Level 7.2(13.1) Axes
 + Level 18.3(18.9) Maces & Flails
 - Level 2.7 Throwing
 - Level 14.0 Armour
 - Level 11.7 Dodging
 + Level 15.4 Spellcasting
 + Level 5.9 Conjurations
 + Level 19.6 Earth Magic
 - Level 13.0 Invocations


You had 25 spell levels left.
You knew the following spells:

 Your Spells              Type           Power      Damage    Failure   Level
a - Lee's Rapid Deconstr  Erth           45%        3d22*     1%          5
b - Lehudib's Crystal Sp  Conj/Erth      37%        10d9      98%         8
c - Irradiate             Conj/Tmut      18%        3d17      67%         5

Your spell library contained the following spells:

 Spells                   Type           Power      Damage    Failure   Level
 Stone Arrow              Conj/Erth      100%       3d13      1%          3
 Animate Armour           Summ/Erth      100%       N/A       1%          4
 Petrify                  Tmut/Erth      65%        N/A       1%          4
 Hailstorm                Conj/Ice       36%        3d9       10%         3
 Apportation              Tloc           40%        N/A       11%         1
 Beastly Appendage        Tmut           40%        N/A       11%         1
 Wereblood                Tmut           20%        N/A       17%         2
 Gell's Gravitas          Tloc           20%        N/A       32%         3
 Inner Flame              Hex/Fire       20%        N/A       32%         3
 Portal Projectile        Hex/Tloc       40%        N/A       32%         3
 Spider Form              Tmut/Pois      20%        N/A       32%         3
 Flame Wave               Conj/Fire      36%        2d10      32%         4
 Sticky Flame             Conj/Fire      36%        2d6       32%         4
 Summon Forest            Summ/Tloc      10%        N/A       97%         5
 Sublimation of Blood     Necr           Unusable   N/A       N/A         2

Dungeon Overview and Level Annotations

Branches:
Dungeon (1/1)

Altars:
Ashenzari
Cheibriados
Dithmenos
Elyvilon
Fedhas
Gozag
Hepliaklqana
Kikubaaqudgha
Makhleb
Nemelex Xobeh
Okawaru
Qazlal
Ru
Sif Muna
Trog
Uskayaw
Vehumet
Wu Jian
Xom
Yredelemnul
Zin
The Shining One
Jiyva
Lugonu


Innate Abilities, Weirdness & Mutations

You are immune to sickness and miasma.
Your stone body is resilient. (AC +10)
You are immune to poison.
Your large and strong wings let you fly.
You resist negative energy. (rN+)
You are resistant to electric shocks. (rElec)
You are resistant to unholy torment.
You are immune to petrification.


Message History

The bone dragon claws you but does no damage.
The bone dragon tramples you!
You hold your ground!
You closely miss the shadow dragon.
The shadow dragon is severely wounded.
You puncture the shadow dragon!
The shadow dragon is almost dead.
The shadow dragon bites you!
The shadow dragon claws you but does no damage.
The shadow dragon completely misses you.
The bone dragon bites you but does no damage.
The bone dragon claws you but does no damage.
The bone dragon tramples you but does no damage.
You sock the shadow dragon!
The shadow dragon is almost dead.
You sock the shadow dragon!
The shadow dragon is almost dead.
The shadow dragon misses you. The shadow dragon claws you!
The shadow dragon claws you but does no damage.
The bone dragon bites you but does no damage.
The bone dragon completely misses you. The bone dragon tramples you!
You hold your ground!
You pound the shadow dragon like an anvil!!!
You kill the shadow dragon!
Cheibriados appreciates the change of pace.
The shadow dragon scales are intact enough to wear.
The bone dragon misses you.
The bone dragon claws you but does no damage.
The bone dragon tramples you but does no damage.
Your life force feels restored.
You hit the bone dragon but do no damage.
The bone dragon is almost destroyed.
You flatten the bone dragon like a pancake!!!
You destroy the bone dragon!
Cheibriados appreciates the change of pace.
Your base Axes skill increases to level 7!
A hellion comes into view.
The hellion gives a hideous shriek!
The hellion gestures at you.
The sphere of damnation explodes!
The damnation engulfs you!!!
You die...

####++#### #####++##
####........#### #........
####....).##......#####........
.§......)........))..')..#....#
.'.........2)..[@..).))..........
#######################..........
#######################..#....#..
#....................''..........
#....................''..........
#.[################..##..#....#..
#.))#.#.#.#[#.#.#.#..##..........
#.)#.#.#.#(#|#.#.##..##..........
#..##}#.#[#.#|#.#.#..####''####''


You could see a hellion.

Vanquished Creatures
  4 bone dragons (D)
  A shadow dragon (D)
  Frances (D)
  A death cob (D)
  A deep elf sorcerer (D)
  An emperor scorpion (D)
  A ghost moth (D)
  2 orc warlords (D)
  A vampire knight (D)
  A green draconian (D)
  A black draconian (D)
  A white draconian (D)
  A red draconian (D)
  A merfolk impaler (D)
  A great orb of eyes (D)
  3 yaktaur captains (D)
  A hell beast (D)
  A hydra (D)
  A vault guard (D)
  2 merfolk avatars (D)
  A boulder beetle (D)
  An alligator snapping turtle (D)
  3 naga warriors (D)
  A deep elf knight (D)
  3 slime creatures (D)
  A fire crab (D)
  4 hell knights (D)
  4 shadow wraiths (D)
  A swamp dragon (D)
  A deep troll (D)
  A flayed ghost (D)
  A cherub (D)
  A lindwurm (D)
  2 necromancers (D)
  13 orc knights (D)
  A bog body (D)
  2 deep elf pyromancers (D)
  4 harpies (D)
  A wolf spider (D)
  2 cyclopes (D)
  2 manticores (D)
  Maurice (D)
  A gargoyle (D)
  An orange demon (D)
  2 cane toads (D)
  3 yaktaurs (D)
  A kobold demonologist (D)
  An unseen horror (D)
  2 freezing wraiths (D)
  4 ice devils (D)
  A komodo dragon (D)
  A troll (D)
  2 red devils (D)
  A merfolk (D)
  A tarantella (D)
  4 dream sheep (D)
  An air elemental (D)
  3 jumping spiders (D)
  A shadow (D)
  3 water elementals (D)
  A fire elemental (D)
  A redback (D)
  A steam dragon (D)
  Menkaure (D)
  A water moccasin (D)
  A warg (D)
  A floating eye (shapeshifter) (D)
  A swamp drake (D)
  An orc warrior (D)
  4 wolves (D)
  A centaur (D)
  A phantom (D)
  2 bullfrogs (D)
  An earth elemental (D)
  A scorpion (D)
  5 wights (D)
  3 killer bees (D)
  A jelly (D)
  2 orc priests (D)
  A hound (D)
  Jessica (D)
  An iguana (D)
  3 orc wizards (D)
  A mummy (D)
  An adder (D)
  3 river rats (D)
  An adder skeleton (D)
  8 orcs (D)
  2 ball pythons (D)
  3 endoplasms (D)
  A hobgoblin (D)
  4 jackals (D)
  A kobold (D)
  A quokka (D)
  A ball python skeleton (D)
  A ball python zombie (D)
  2 bats (D)
  A jackal skeleton (D)
178 creatures vanquished.

Vanquished Creatures (others)
  A ball python skeleton (D)
1 creature vanquished.

Grand Total: 179 creatures vanquished

Notes
Turn   | Place    | Note
-------+----------+-------------------------------------------
     0 | D        | rocky1 the Gargoyle Gladiator began the quest for the Orb.
     0 | D        | Reached XP level 1. HP: 12/12 MP: 1/1
    22 | D        | Reached XP level 2. HP: 4/18 MP: 2/2
    83 | D        | Found a bloodstained altar of Trog.
    83 | D        | Found a shimmering blue altar of Sif Muna.
    83 | D        | Found a viscous altar of Jiyva.
    83 | D        | Found a hazy altar of Hepliaklqana.
    83 | D        | Found an opulent altar of Gozag.
    84 | D        | Found a glowing golden altar of the Shining One.
    84 | D        | Found a glowing silver altar of Zin.
    84 | D        | Found a basalt altar of Yredelemnul.
    84 | D        | Found a shimmering altar of Xom.
    84 | D        | Found an ornate altar of the Wu Jian Council.
    84 | D        | Found a sacrificial altar of Ru.
    84 | D        | Found a stormy altar of Qazlal.
    84 | D        | Found an iron altar of Okawaru.
    84 | D        | Found a sparkling altar of Nemelex Xobeh.
    84 | D        | Found a burning altar of Makhleb.
    84 | D        | Found a blossoming altar of Fedhas.
    84 | D        | Found a white marble altar of Elyvilon.
    84 | D        | Found a shadowy altar of Dithmenos.
    84 | D        | Found a snail-covered altar of Cheibriados.
    86 | D        | Found a radiant altar of Vehumet.
    86 | D        | Found a corrupted altar of Lugonu.
    87 | D        | Found a hide-covered altar of Uskayaw.
    87 | D        | Found an ancient bone altar of Kikubaaqudgha.
    87 | D        | Found a broken altar of Ashenzari.
    99 | D        | Became a worshipper of Cheibriados the Contemplative
   136 | D        | Noticed a scorpion
   145 | D        | Killed a scorpion
   146 | D        | Reached skill level 5 in Maces & Flails
   146 | D        | Reached XP level 3. HP: 16/23 MP: 3/3
   146 | D        | Reached XP level 4. HP: 20/28 MP: 4/4
   184 | D        | Reached * piety under Cheibriados
   294 | D        | Reached ** piety under Cheibriados
   356 | D        | Reached skill level 1 in Invocations
   356 | D        | Reached *** piety under Cheibriados
   497 | D        | Noticed a water moccasin
   497 | D        | Noticed a bullfrog
   520 | D        | Killed a water moccasin
   520 | D        | Reached **** piety under Cheibriados
   521 | D        | Reached skill level 5 in Fighting
   521 | D        | Reached skill level 5 in Dodging
   521 | D        | Reached XP level 5. HP: 18/35 MP: 5/7
   524 | D        | Reached skill level 5 in Armour
   524 | D        | Reached XP level 6. HP: 22/41 MP: 5/9
   542 | D        | Reached ***** piety under Cheibriados
   544 | D        | Reached skill level 5 in Invocations
   684 | D        | Reached ****** piety under Cheibriados
   706 | D        | Reached XP level 7. HP: 48/48 MP: 11/11
   708 | D        | Noticed Menkaure
   714 | D        | Killed Menkaure
   819 | D        | Noticed Maurice
   819 | D        | Noticed a shadow
   821 | D        | Reached XP level 8. HP: 55/55 MP: 6/13
   821 | D        | Killed a shadow
   825 | D        | Killed Maurice
   979 | D        | Noticed a komodo dragon
   979 | D        | Noticed a red devil
   989 | D        | Killed a komodo dragon
   997 | D        | Killed a red devil
   998 | D        | Reached skill level 10 in Maces & Flails
   998 | D        | Reached XP level 9. HP: 33/62 MP: 15/15
  1106 | D        | Noticed a gargoyle
  1114 | D        | Killed a gargoyle
  1115 | D        | Reached skill level 10 in Fighting
  1192 | D        | Noticed a red devil
  1195 | D        | Reached skill level 10 in Armour
  1202 | D        | Killed a red devil
  1203 | D        | Reached skill level 10 in Invocations
  1313 | D        | Noticed an orc knight
  1327 | D        | Killed an orc knight
  1328 | D        | Reached XP level 10. HP: 44/70 MP: 12/17
  1446 | D        | Noticed a cyclops
  1472 | D        | Killed a cyclops
  1610 | D        | Noticed a bog body
  1610 | D        | Noticed a cane toad
  1610 | D        | Noticed a flayed ghost
  1611 | D        | Noticed an orange demon
  1615 | D        | Killed a cane toad
  1616 | D        | Reached skill level 10 in Dodging
  1616 | D        | Killed a bog body
  1616 | D        | Killed an orange demon
  1624 | D        | Killed a flayed ghost
  1860 | D        | Noticed a lindwurm
  1860 | D        | Noticed a harpy
  1860 | D        | Noticed a harpy
  1860 | D        | Noticed a harpy
  1860 | D        | Noticed a harpy
  1860 | D        | Noticed a boulder beetle
  1861 | D        | Killed a harpy
  1861 | D        | Killed a harpy
  1861 | D        | Killed a harpy
  1861 | D        | Killed a harpy
  1862 | D        | Reached XP level 11. HP: 78/78 MP: 14/20
  1866 | D        | Killed a boulder beetle
  1868 | D        | Killed a lindwurm
  2088 | D        | Noticed a manticore
  2092 | D        | Noticed Jessica
  2095 | D        | Killed a manticore
  2105 | D        | Killed Jessica
  2154 | D        | Got the Compilation of the Lonely Spirits
  2250 | D        | Learned a level 5 spell: Lee's Rapid Deconstruction
  2308 | D        | Killed a shadow wraith
  2361 | D        | Noticed a cherub
  2361 | D        | Noticed a deep elf pyromancer
  2366 | D        | Killed a deep elf pyromancer
  2384 | D        | Killed a cherub
  2391 | D        | Reached skill level 5 in Earth Magic
  2391 | D        | Reached XP level 12. HP: 45/86 MP: 13/21
  2776 | D        | Reached skill level 5 in Spellcasting
  2778 | D        | Reached skill level 15 in Fighting
  2899 | D        | Found the +9 staff of Wucad Mu {*channel}
  2899 | D        | Noticed a merfolk avatar
  2899 | D        | Noticed a bone dragon
  2899 | D        | Noticed a black draconian
  2899 | D        | Noticed an alligator snapping turtle
  2899 | D        | Noticed a merfolk impaler
  2919 | D        | Killed a merfolk avatar
  2931 | D        | Killed a merfolk impaler
  2939 | D        | Killed a bone dragon
  2940 | D        | Reached skill level 15 in Maces & Flails
  2940 | D        | Reached skill level 10 in Earth Magic
  2944 | D        | Killed a black draconian
  2955 | D        | Killed an alligator snapping turtle
  3110 | D        | Got the Tome of Translocation
  3153 | D        | Noticed a merfolk avatar
  3153 | D        | Noticed an orc warlord
  3153 | D        | Noticed an orc warlord
  3162 | D        | Killed a merfolk avatar
  3164 | D        | Noticed a deep elf knight
  3167 | D        | Killed an orc warlord
  3176 | D        | Killed an orc warlord
  3177 | D        | Reached XP level 13. HP: 44/94 MP: 19/26
  3184 | D        | Reached skill level 10 in Spellcasting
  3383 | D        | Noticed a yaktaur captain
  3395 | D        | Killed a yaktaur captain
  3412 | D        | Noticed a yaktaur captain
  3413 | D        | Noticed a bone dragon
  3419 | D        | Killed a yaktaur captain
  3430 | D        | Killed a bone dragon
  3431 | D        | Reached skill level 15 in Earth Magic
  3683 | D        | Noticed a vault guard
  3684 | D        | Noticed a yaktaur captain
  3685 | D        | Noticed a red draconian
  3690 | D        | Killed a vault guard
  3690 | D        | Killed a yaktaur captain
  3696 | D        | Killed a red draconian
  3793 | D        | Got the +3 battleaxe "Suommuwi" {flame, Str+3 Dex+3}
  3933 | D        | Noticed an emperor scorpion
  3945 | D        | Killed an emperor scorpion
  3946 | D        | Reached skill level 1 in Axes
  3954 | D        | Noticed a bone dragon
  3981 | D        | Killed a bone dragon
  4009 | D        | Killed a ghost moth
  4013 | D        | Gained mutation: Your large and strong wings let you fly.
                  | [Gargoyle growth]
  4013 | D        | Reached XP level 14. HP: 54/103 MP: 25/31
  4018 | D        | Noticed Frances
  4038 | D        | Killed Frances
  4038 | D        | Noticed a death cob
  4041 | D        | Killed a death cob
  4074 | D        | Identified the amulet of Icucuwig {RegenMP rF- Will+ Str+6
                  | Stlth+}
  4074 | D        | Noticed a vampire knight
  4084 | D        | Killed a vampire knight
  4209 | D        | Identified the ring "Udad Pip" {rCorr Str+6 Int-2 SInv}
  4483 | D        | Reached skill level 5 in Axes
  4490 | D        | Got the +8 lajatang of a wizard's laboratory {vamp,
                  | *Corrode rPois Dex+2 Stlth+}
  4643 | D        | Learned a level 8 spell: Lehudib's Crystal Spear
  4649 | D        | Learned a level 5 spell: Irradiate
  4664 | D        | Reached skill level 1 in Conjurations
  4684 | D        | Reached skill level 15 in Spellcasting
  4813 | D        | Noticed a green draconian
  4814 | D        | Noticed a white draconian
  4825 | D        | Killed a white draconian
  4833 | D        | Killed a green draconian
  4893 | D        | Noticed a bone dragon
  4894 | D        | Noticed a shadow dragon
  4895 | D        | Noticed a deep elf sorcerer
  4909 | D        | Killed a deep elf sorcerer
  4910 | D        | Reached skill level 5 in Conjurations
  4919 | D        | Killed a shadow dragon
  4921 | D        | Killed a bone dragon
  4923 | D        | Killed from afar by a hellion

Illustrated notes

Levels and vault maps discovered:
D:        pitsprint [storerooms_1, entrance_room_1, metal_vault_1, armoury_2,
          mini_pit_1, grid_room_1, main_hall_1, silver_pit, the_coven_3,
          the_vestibule_1, steel_vault_1, golden_pit, hallway_of_sentries,
          crystal_vault_1, iron_vault_5, final_vault]

Skill      XL: |  1  2  3  4  5  6  7  8  9 10 11 12 13 14 |
---------------+-------------------------------------------+-----
Throwing       | 2 |  2.7
Dodging        | 3 4 5 6 7 8 9 10 11 | 11.7
Fighting       | 3 5 6 7 8 9 11 13 14 16 17 19 | 19.3
Maces & Flails | 5 6 7 8 10 11 12 14 15 17 18 | 18.3
Armour         | 2 4 5 6 7 9 10 12 14 | 14.0
Invocations    | 3 4 5 7 9 10 12 13 | 13.0
Spellcasting   | 3 9 13 15 | 15.4
Earth Magic    | 5 12 17 19 | 19.6
Axes           | 2 7 |  7.2
Conjurations   | 5 |  5.9

Action                   |  1- 3 |  4- 6 |  7- 9 | 10-12 | 13-15 || total
-------------------------+-------+-------+-------+-------+-------++-------
Melee: Flail             |    17 |    24 |       |       |       ||    41
       Mace              |       |    79 |    11 |       |       ||    90
       Punch             |       |     2 |     2 |       |       ||     4
       Dire flail        |       |       |    42 |   152 |   238 ||   432
 Cast: Lee's Rapid Decon |       |       |       |     2 |    15 ||    17
Invok: Slouch            |       |       |     3 |    24 |    16 ||    43
  Use: Potion            |       |       |       |     9 |     6 ||    15
       Scroll            |       |       |       |     2 |     2 ||     4
 Stab: Invisible         |       |       |       |     5 |       ||     5
       Distracted        |       |       |       |       |     1 ||     1
Armor: Leather armour    |     4 |     8 |       |       |       ||    12
       Plate armour      |       |    48 |    53 |   107 |   136 ||   344
Dodge: Dodged            |    10 |    63 |    73 |   140 |   145 ||   431

Table legend: (Time is in decaauts)
 A = Elapsed time spent in this place.
 B = Non-inter-level travel time spent in this place.
 C = Inter-level travel time spent in this place.
 D = Time resting spent in this place.
 E = Time spent auto-exploring this place.
 F = Levels seen in this place.
 G = Mean time per level.
                   A        B        C        D        E       F      G
               +--------+--------+--------+--------+--------+-----+--------+
         Total |   5850 |   5582 |    268 |   2921 |      0 |   1 | 5850.0 |
       Dungeon |   5850 |   5582 |    268 |   2921 |      0 |   1 | 5850.0 |
               +--------+--------+--------+--------+--------+-----+--------+

Top non-repeatable levels by time:
       D: 5850 daAuts
